 Dungeon Crawl Stone Soup version 0.20-a0-535-gc09f9e6 (webtiles) character file.

54190 M4edhros the Unseen (level 14, -3/99 HPs)
             Began as an Octopode Artificer on Jan 26, 2017.
             Was an Initiate of Gozag.
             Killed from afar by an ice dragon (23 damage)
             ... with a blast of cold
             ... on level 5 of the Lair of Beasts on Jan 27, 2017.
             The game lasted 00:33:36 (31173 turns).

M4edhros the Unseen (Octopode Artificer)           Turns: 31173, Time: 00:33:40

Health: -3/99      AC: 13    Str: 12    XL:     14   Next: 71%
Magic:  20/20      EV: 26    Int: 12    God:    Gozag
Gold:   1973       SH:  7    Dex: 22    Spells: 6/13 levels left

rFire    + + +     SeeInvis +   y - +10 trident of the Pyrrhic Victory {freeze, rF+ Str+2 Int-2 Dex+3}
rCold    + . .     Gourm    .   e - +0 buckler {rN+}
rNeg     + . .     Faith    .   R - +0 hat {Int+3}
rPois    .         Spirit   .   (no amulet)
rElec    +         Reflect  .   x - ring of see invisible
rCorr    +         Harm     .   N - ring of resist corrosion
MR       ++...     Clarity  +   I - ring of stealth
Stlth    +++++++++.             a - ring of protection from fire
Regen    0.3/turn               E - ring of Robustness {AC+8}
                                J - +3 ring of slaying
                                O - ring of protection from magic
                                A - +3 ring of evasion

@: no status effects
A: almost no armour, stealthy swim, amphibious, 8 rings, constrict 8, thin
metallic scales 1, yellow scales 1, camouflage 1, agile 1, clarity, cold
resistance 1, dopey 1, fire resistance 1, mutation resistance 1, electricity
resistance, weak 1, gelatinous body 1
a: Potion Petition, Call Merchant, Bribe Branch, Renounce Religion


You were on level 5 of the Lair of Beasts.
You worshipped Gozag.
Gozag was most pleased with you.
You were very hungry.

You visited 3 branches of the dungeon, and saw 22 of its levels.
You also visited: Sewer and Volcano.

You collected 4650 gold pieces.
You spent 213 gold pieces at shops.
You paid 2464 gold pieces to Gozag.

Inventory:

Hand Weapons
 d - the +5 whip of the Lumpy Lies {speed, *Slow rC++}
   (You found it on level 15 of the Dungeon)

   Attacks with this weapon are significantly faster.
   It greatly protects you from cold.
   It may slow you when you take damage.
 s - a +0 blowgun
 y - the +10 trident of the Pyrrhic Victory (weapon) {freeze, rF+ Str+2 Int-2 Dex+3}
   (You found it on level 6 of the Dungeon)

   It has been specially enchanted to freeze those struck by it, causing extra
   injury to most foes and up to half again as much damage against particularly
   susceptible opponents.
   It can also slow down cold-blooded creatures.
   It affects your strength (+2).
   It affects your intelligence (-2).
   It affects your dexterity (+3).
   It protects you from fire.
 G - a +1 spear of electrocution
Missiles
 m - 535 stones (quivered)
 t - 19 poisoned needles
 Y - 2 curare-tipped needles
Armour
 e - a +0 buckler of positive energy (worn)
 R - a +0 hat of intelligence (worn)
Jewellery
 a - a ring of protection from fire (on tentacle)
 x - a ring of see invisible (left tentacle)
 A - a +3 ring of evasion (on tentacle)
 B - an uncursed ring of ice
 E - the ring of Robustness (on tentacle) {AC+8}
   (You found it on level 1 of the Lair of Beasts)

   [ring of protection]

   It affects your AC (+8).
 I - a ring of stealth (on tentacle)
 J - a +3 ring of slaying (on tentacle)
 N - a ring of resist corrosion (right tentacle)
 O - a ring of protection from magic (on tentacle)
Wands
 c - a wand of enslavement (5/24)
 w - a wand of digging (5/24)
 z - a wand of confusion (9/48)
 F - a wand of scattershot (0/9)
 P - a wand of polymorph (16/24)
 Q - a wand of iceblast (3/15)
 W - a wand of paralysis (0/24)
 X - a wand of lightning (7/15)
 Z - a wand of disintegration (15/24)
Scrolls
 l - a scroll of blinking
 n - 3 scrolls of fog
 r - 13 scrolls of teleportation
 u - 3 scrolls of recharging
 v - a scroll of remove curse
 K - 4 scrolls of enchant weapon
 L - 2 scrolls of immolation
 T - 3 scrolls of enchant armour
Potions
 b - 4 potions of flight
 g - 3 potions of curing
 h - a potion of agility
 i - a potion of heal wounds
 j - 3 potions of might
 o - 3 potions of lignification
 q - a potion of cancellation {unknown}
 S - 2 potions of invisibility
 U - a potion of haste
 V - 2 potions of berserk rage
Books
 C - a book of Cantrips

   Spells                             Type                      Level
   a - Confusing Touch                Hexes                        1
   b - Animate Skeleton               Necromancy                   1
   c - Summon Small Mammal            Summoning                    1
   d - Apportation                    Translocation                1
 D - a book of Enchantments

   Spells                             Type                      Level
   a - Cause Fear                     Hexes                        4
   b - Yara's Violent Unravelling     Hexes/Transmutation          5
   c - Silence                        Hexes/Air                    5
   d - Deflect Missiles               Charms/Air                   6
   e - Discord                        Hexes                        8
Miscellaneous
 p - a phial of floods
Comestibles
 f - 13 bread rations
 k - 14 fruits
 H - 2 meat rations
 M - 17 royal jellies


   Skills:
 + Level 10.2 Fighting
   Level 1.0 Short Blades
 * Level 13.7 Polearms
 + Level 10.3 Dodging
 + Level 16.3 Stealth
 + Level 7.6 Shields
 + Level 8.1 Evocations


You had 6 spell levels left.
You knew the following spells:

 Your Spells              Type           Power        Failure   Level  Hunger
a - Repel Missiles        Chrm/Air       #.....       52%         2    ###....
b - Swiftness             Chrm/Air       #.......     52%         2    ###....
c - Mephitic Cloud        Conj/Pois/Air  #.......     88%         3    ####...


Dungeon Overview and Level Annotations

Branches:
Dungeon (15/15)            Temple (1/1) D:7            Lair (6/6) D:8
 Shoals (0/4) Lair:4        Snake (0/4) Lair:4       Vaults (0/5) D:14
 Depths (0/5) D:15
  Slime: Lair:5-6       Orc: D:9-12

Altars:
Ashenzari
Cheibriados
Dithmenos
Elyvilon
Fedhas
Gozag
Hepliaklqana
Kikubaaqudgha
Makhleb
Nemelex Xobeh
Okawaru
Qazlal
Ru
Sif Muna
Trog
Uskayaw
Vehumet
Xom
Yredelemnul
Zin
The Shining One

Shops:
D:5 }   D:11 *   D:12 *:([*[   D:13 !!   D:15 *


Innate Abilities, Weirdness & Mutations

You cannot wear most types of armour.
You are very stealthy in the water. (Stealth+)
You are amphibious.
You can wear up to eight rings at the same time.
You can use your tentacles to constrict eight enemies at once.
Your skin changes colour to match your surroundings (Stealth+).
Your rubbery body absorbs attacks. (AC +1, EV +1)
You are partially covered in thin metallic scales. (AC +2)
You are partially covered in yellow scales. (AC +2)
You are agile. (Dex +2)
You possess an exceptional clarity of mind.
Your flesh is cold resistant. (rC+)
You are dopey. (Int -2)
Your flesh is heat resistant. (rF+)
You are somewhat resistant to further mutation.
You are resistant to electric shocks. (rElec)
You are weak. (Str -2)


Message History

Evoke which item? (* to show all) (? for menu, Esc to quit)
Aiming: Paralyse
Press: ? - help, Shift-Dir - straight line, f/p - ice dragon
Aim: an ice dragon (water, catching its breath, chance to defeat MR: 51%)
The ice dragon resists with significant effort.
This wand has 1 charge left.
The ice dragon breathes frost at you. The blast of cold hits you! You resist.
* * * LOW HITPOINT WARNING * * *
Evoke which item? (* to show all) (? for menu, Esc to quit)
Aiming: Paralyse
Press: ? - help, Shift-Dir - straight line, f/p - ice dragon
Aim: an ice dragon (water, catching its breath, chance to defeat MR: 51%)
The ice dragon resists with significant effort.
This wand has 0 charges left.
The ice dragon breathes frost at you. The blast of cold hits you! You resist.
You die...
Xom guffaws!
Your body crumbles into a pile of gold.

#.≈ ≈≈≈≈# ≈≈.. #..≈
≈≈≈≈#####≈≈.. #..≈≈
≈≈#≈≈#≈≈≈≈≈#. ...≈≈
≈≈D≈≈≈≈≈≈≈.
....≈###§≈≈...≈≈..
.....≈≈≈§≈≈≈...#
##..#.≈§≈.≈≈≈..# ##
#.#...#.≈≈≈.#..# ..
#@.###.≈≈...#.#
#.....###.....P..##
#........ #..>.....P#
......P..##.......###
#......##........##
#.....# #......###
#..### #....#... .##
..#...##.(# .....P
..#


You could see an ice dragon.

Vanquished Creatures
  Gastronok (D:8)
  A red draconian (Volcano)
  An ettin (D:15)
  The ghost of nago the Basher, a journeyman VSFi of Zin (D:14)
  Josephine (D:10)
  2 hydras
  The ghost of vogonpoet the Nimble, a journeyman MfSu of Sif Muna (Lair:1)
  4 centaur warriors
  Erica (Lair:2)
  8 two-headed ogres
  A deep elf knight (D:15)
  A fire crab (shapeshifter) (D:14)
  A salamander mystic (Volcano)
  A deep troll (D:15)
  3 unseen horrors
  A wolf spider zombie (D:14)
  4 manticores
  An ugly thing (D:11)
  A mana viper (shapeshifter) (D:14)
  4 cyclopes
  5 salamanders (Volcano)
  2 black mambas (Lair:3)
  6 elephants (Lair:5)
  2 centaur zombies
  3 gargoyles
  A molten gargoyle (Volcano)
  5 spiny frogs
  A rime drake (Lair:6)
  4 komodo dragons
  A freezing wraith (D:15)
  A meliai (shapeshifter) (D:14)
  8 trolls
  A polar bear (Lair:2)
  2 hornets (D:10)
  Prince Ribbit (D:5)
  8 blink frogs
  A meliai zombie (D:15)
  9 hippogriffs
  A spriggan (Lair:2)
  A vampire (D:14)
  3 wyverns
  Sigmund (D:4)
  7 wraiths
  A yak (shapeshifter) (D:13)
  A fire bat (Volcano)
  13 yaks
  A golden eye (shapeshifter) (D:14)
  3 basilisks
  3 wargs (D:8)
  3 soldier ants
  Edmund (D:4)
  An acid dragon (D:15)
  6 water moccasins
  7 porcupines
  5 orc warriors
  4 sky beasts
  2 phantoms (D:7)
  9 ice beasts
  4 black bears
  An eye of draining (D:11)
  5 ogres
  3 wolves (Lair:2)
  5 crocodiles
  11 centaurs
  6 big kobolds
  9 bullfrogs
  An earth elemental (D:11)
  3 scorpions
  2 wyvern skeletons
  15 wights
  12 killer bees
  6 howler monkeys
  3 electric eels
  2 crimson imps
  2 lava snakes (Volcano)
  2 quasits
  5 hounds
  10 orc priests
  A jelly (D:9)
  3 bullfrog skeletons
  20 orc wizards
  Crazy Yiuf (D:4)
  5 iguanas
  16 worker ants
  2 hound zombies
  A hound skeleton (D:4)
  A worker ant zombie (D:11)
  12 adders
  6 gnolls
  A howler monkey skeleton (D:7)
  2 shadow imps
  3 white imps (Lair:5)
  11 oozes
  2 adder skeletons
  2 worms
  3 dart slugs
  13 leopard geckos
  68 orcs
  4 giant cockroaches
  10 goblins
  9 hobgoblins
  5 jackals
  20 kobolds
  7 quokkas
  3 ball pythons
  9 bats
  4 frilled lizards
  A quokka skeleton (D:5)
  A quokka zombie (D:9)
  10 rats
  A fire vortex (Lair:1)
537 creatures vanquished.

Vanquished Creatures (collateral kills)
  A troll (D:9)
  A basilisk (D:11)
  A gnoll (D:4)
3 creatures vanquished.

Vanquished Creatures (others)
  A basilisk (D:11)
  An ice beast (D:14)
  An orc (D:14)
  A giant cockroach (D:3)
  3 fungi
  A plant (D:8)
8 creatures vanquished.

Grand Total: 548 creatures vanquished

Notes
Turn   | Place    | Note
-------+----------+-------------------------------------------
     0 | D:1      | M4edhros the Octopode Artificer began the quest for the Orb.
     0 | D:1      | Reached XP level 1. HP: 13/13 MP: 3/3
    36 | D:1      | Reached skill level 2 in Stealth
   104 | D:1      | Reached XP level 2. HP: 15/18 MP: 4/4
   126 | D:1      | Reached skill level 3 in Stealth
   254 | D:2      | Reached skill level 4 in Stealth
   254 | D:2      | Reached XP level 3. HP: 18/23 MP: 5/5
   591 | D:3      | Reached skill level 5 in Stealth
   618 | D:3      | Reached XP level 4. HP: 7/28 MP: 6/6
   807 | D:3      | Found a glowing drain.
   822 | Sewer    | Entered a sewer
   865 | Sewer    | Noticed a big kobold
   876 | Sewer    | Killed a big kobold
   876 | Sewer    | Reached skill level 7 in Stealth
   876 | Sewer    | Reached XP level 5. HP: 12/33 MP: 7/7
   877 | Sewer    | HP: 1/33 [kobold/whip (4)]
  1164 | Sewer    | Noticed a big kobold
  1171 | Sewer    | Killed a big kobold
  1171 | Sewer    | Reached skill level 8 in Stealth
  1258 | Sewer    | Noticed a big kobold
  1266 | Sewer    | Killed a big kobold
  1266 | Sewer    | Reached XP level 6. HP: 38/38 MP: 8/8
  1315 | Sewer    | Reached skill level 9 in Stealth
  1535 | Sewer    | Reached skill level 10 in Stealth
  1535 | Sewer    | Reached XP level 7. HP: 43/43 MP: 9/9
  2046 | D:4      | Found a runed door.
  2120 | D:4      | Reached skill level 11 in Stealth
  2142 | D:4      | Found an ancient bone altar of Kikubaaqudgha.
  2156 | D:4      | Noticed Sigmund
  2163 | D:4      | Killed Sigmund
  2170 | D:4      | Reached skill level 12 in Stealth
  2243 | D:4      | Noticed Edmund
  2251 | D:4      | Reached XP level 8. HP: 5/48 MP: 10/10
  2317 | D:4      | Killed Edmund
  2838 | D:4      | Reached skill level 13 in Stealth
  3073 | D:4      | Noticed Crazy Yiuf
  3079 | D:4      | Killed Crazy Yiuf
  3426 | D:5      | Entered Level 5 of the Dungeon
  3516 | D:5      | Got a warped short sword
  3517 | D:5      | Identified the cursed +1 short sword of Gallantry {drain, +Fly rPois Int+2 Dex+3} (You found it on level 5 of the Dungeon)
  3688 | D:5      | Found a hide-covered altar of Uskayaw.
  3741 | D:5      | Found Qupa's Gadget Shoppe.
  4018 | D:5      | Noticed Prince Ribbit
  4022 | D:5      | Killed Prince Ribbit
  4022 | D:5      | Reached skill level 1 in Polearms
  4022 | D:5      | Reached skill level 14 in Stealth
  4508 | D:6      | Reached XP level 9. HP: 42/54 MP: 11/11
  5171 | D:6      | Got a warped trident
  5172 | D:6      | Identified the +10 trident of the Pyrrhic Victory {freeze, rF+ Str+2 Int-2 Dex+3} (You found it on level 6 of the Dungeon)
  5239 | D:6      | Found a shimmering altar of Xom.
  5291 | D:6      | Became a worshipper of Xom the Tricky
  5351 | D:6      | Found an iron altar of Okawaru.
  5356 | D:6      | Found a blossoming altar of Fedhas.
  5499 | D:6      | Learned a level 2 spell: Repel Missiles
  5502 | D:6      | Learned a level 2 spell: Swiftness
  5510 | D:6      | XOM: silly message
  5561 | D:7      | You fall through a shaft for 3 floors!
  5561 | D:10     | Entered Level 10 of the Dungeon
  5583 | D:10     | XOM: divination: detect creatures
  5620 | D:10     | XOM: harmless Conj miscast
  5703 | D:10     | Noticed a troll
  5712 | D:10     | Killed a troll
  5910 | D:8      | Found a white marble altar of Elyvilon.
  5957 | D:8      | Reached skill level 5 in Polearms
  5986 | D:8      | XOM: divination: detect items
  6075 | D:8      | Reached XP level 10. HP: 33/65 MP: 12/12
  6080 | D:8      | Reached skill level 5 in Dodging
  6086 | D:8      | Found a staircase to the Lair.
  6116 | Lair:1   | Entered Level 1 of the Lair of Beasts
  6248 | D:8      | Found a radiant altar of Vehumet.
  6297 | D:8      | XOM: harmless Tmut miscast
  6311 | D:8      | XOM: divination: detect items
  6345 | D:7      | Found a staircase to the Ecumenical Temple.
  6350 | D:7      | Found a blossoming altar of Fedhas.
  6350 | D:7      | Found a shimmering altar of Xom.
  6350 | D:7      | Found a shimmering altar of Xom.
  6350 | D:7      | Found a glowing golden altar of the Shining One.
  6351 | D:7      | Found a shadowy altar of Dithmenos.
  6351 | D:7      | Found a shadowy altar of Dithmenos.
  6352 | D:7      | Found a blossoming altar of Fedhas.
  6352 | D:7      | Found a radiant altar of Vehumet.
  6352 | D:7      | Found a sparkling altar of Nemelex Xobeh.
  6352 | D:7      | Found a glowing golden altar of the Shining One.
  6352 | D:7      | Found a sparkling altar of Nemelex Xobeh.
  6352 | D:7      | Found a shimmering altar of Xom.
  6383 | Temple   | Entered the Ecumenical Temple
  7166 | Temple   | XOM: divination: detect items
  7801 | Temple   | XOM: divination: detect creatures
  8391 | Temple   | XOM: harmless Summ miscast
  8573 | Temple   | XOM: harmless Necr miscast
  8899 | Temple   | XOM: mild Erth miscast
  9081 | Temple   | XOM: god gift: forked silver wand {god gift}
  9123 | Temple   | XOM: 1-stop teleportation journey
  9402 | Temple   | XOM: god gift: scroll labeled FEOSAPPI RURGHAICUL {god gift}
  9483 | Temple   | XOM: 1-stop teleportation journey
  9529 | Temple   | XOM: give mutations
  9529 | Temple   | Gained mutation: You are partially covered in thin metallic scales. (AC +2) [Xom's grace]
  9529 | Temple   | Gained mutation: Your flesh is cold resistant. (rC+) [Xom's grace]
  9529 | Temple   | Gained mutation: You are partially covered in yellow scales. (AC +2) [Xom's grace]
 10112 | Temple   | XOM: 1-stop teleportation journey
 10614 | Temple   | XOM: 3-stop teleportation journey
 10770 | Temple   | XOM: god gift: glowing spear {god gift}
 11006 | Temple   | XOM: give mutations
 11006 | Temple   | Gained mutation: Your flesh is heat resistant. (rF+) [Xom's grace]
 11006 | Temple   | Gained mutation: One of your tentacles bears a spike. [Xom's grace]
 11006 | Temple   | Gained mutation: Your flesh is very heat resistant. (rF++) [Xom's grace]
 11293 | Temple   | XOM: cloud trail
 11457 | Temple   | XOM: cloud trail
 11539 | Temple   | XOM: harmless Erth miscast
 11671 | Temple   | XOM: mild Ice miscast
 11911 | Temple   | XOM: divination: detect items
 11974 | Temple   | XOM is BORED!
 11974 | Temple   | XOM: give mutation
 11974 | Temple   | Lost mutation: One of your tentacles bears a spike. [Xom's mischief]
 13363 | Temple   | XOM: scenery: create altars
 13798 | Temple   | XOM: give mutations
 13798 | Temple   | Gained mutation: One of your tentacles bears a spike. [Xom's grace]
 13798 | Temple   | Gained mutation: Your muscles are strong. (Str +2) [Xom's grace]
 13798 | Temple   | Gained mutation: One of your tentacles bears a nasty spike. [Xom's grace]
 14086 | Temple   | XOM: 4-stop teleportation journey
 14762 | Temple   | XOM: divination: detect creatures
 15288 | Temple   | XOM: divination: detect creatures
 15382 | Temple   | XOM: cloud trail
 15494 | Temple   | XOM: divination: magic mapping
 15574 | Temple   | XOM: mild Conj miscast
 15886 | Temple   | XOM: medium Air miscast
 16395 | Temple   | XOM: harmless Tloc miscast
 16450 | Temple   | XOM: harmless Tmut miscast
 16926 | Temple   | XOM: divination: detect creatures
 17188 | Temple   | XOM is BORED!
 17188 | Temple   | XOM: medium Chrm miscast
 17317 | Temple   | Fell from the grace of Xom
 17317 | Temple   | Became a worshipper of Gozag Ym Sagoz the Greedy
 18994 | D:7      | Reached skill level 5 in Fighting
 19017 | D:7      | XOM: give mutations
 19017 | D:7      | Gained mutation: You possess an exceptional clarity of mind. [Xom's grace]
 19017 | D:7      | Gained mutation: You are somewhat resistant to further mutation. [Xom's grace]
 19713 | D:8      | Noticed Gastronok
 19718 | D:8      | Killed Gastronok
 20001 | D:9      | Reached XP level 11. HP: 26/72 MP: 13/13
 20222 | D:9      | Noticed a two-headed ogre
 20232 | D:9      | Killed a two-headed ogre
 20546 | D:9      | Found a sacrificial altar of Ru.
 20620 | D:9      | XOM: noise
 20753 | D:9      | Found a glowing golden altar of the Shining One.
 20854 | D:10     | XOM: give mutations
 20854 | D:10     | Lost mutation: Your muscles are strong. (Str +2) [Xom's mischief]
 20854 | D:10     | Lost mutation: One of your tentacles bears a nasty spike. [Xom's mischief]
 21031 | D:10     | Noticed a two-headed ogre
 21037 | D:10     | Killed a two-headed ogre
 21037 | D:10     | Reached skill level 1 in Shields
 21139 | D:10     | XOM: summons 2 hostile shadow creatures
 21140 | D:10     | Noticed an unseen horror
 21242 | D:10     | Found a blossoming altar of Fedhas.
 21280 | D:10     | Reached skill level 10 in Polearms
 21371 | D:10     | Noticed Josephine
 21390 | D:10     | Killed Josephine
 21888 | D:10     | XOM: give mutations
 21888 | D:10     | Lost mutation: Your flesh is very heat resistant. (rF++) [Xom's mischief]
 21888 | D:10     | Lost mutation: One of your tentacles bears a spike. [Xom's mischief]
 21888 | D:10     | Gained mutation: Your body sometimes deteriorates upon taking damage. [Xom's mischief]
 22124 | D:11     | Noticed a centaur warrior
 22132 | D:11     | Killed a centaur warrior
 22174 | D:11     | XOM: 8-stop teleportation journey
 22364 | D:11     | Found a blossoming altar of Fedhas.
 22443 | D:11     | Noticed a cyan ugly thing
 22446 | D:11     | Noticed a two-headed ogre
 22453 | D:11     | Killed a cyan ugly thing
 22453 | D:11     | Reached XP level 12. HP: 49/82 MP: 9/14
 22460 | D:11     | Killed a two-headed ogre
 22519 | D:11     | XOM: mild Pois miscast
 22626 | D:11     | XOM: give mutations
 22626 | D:11     | Gained mutation: You are frail. (-10% HP) [Xom's mischief]
 22626 | D:11     | Gained mutation: Your system is resistant to poisons. (rPois) [Xom's mischief]
 22626 | D:11     | Lost mutation: You are frail. (-10% HP) [Xom's mischief]
 22776 | D:11     | Found Emopp's Pet Rocks.
 23621 | D:11     | Noticed a two-headed ogre
 23639 | D:11     | Killed a two-headed ogre
 23997 | D:12     | Found Gyro Dac's Assorted Antiques.
 24033 | D:12     | Identified a scroll of acquirement
 24037 | D:12     | Got a heavily runed hat
 24048 | D:12     | Identified the +1 hat of the Forest {rElec rC+++ MR- Slay-2} (You acquired it on level 12 of the Dungeon)
 24086 | D:12     | Bought a scroll labeled TOSTIXTINUGY for 31 gold pieces
 24098 | D:12     | Found a shimmering altar of Xom.
 24170 | D:12     | XOM: medium Pois miscast
 24374 | D:12     | Found Yjokesayk's Assorted Antiques.
 24395 | D:12     | Bought a sedimented amethyst potion for 24 gold pieces
 24406 | D:12     | Found Dibram's Book Shop.
 24441 | D:12     | Found Ylau's Antique Armour Boutique.
 24631 | D:12     | You fall through a shaft!
 24670 | D:13     | Found Ficu's Distillery.
 24689 | D:13     | Bought a potion of mutation for 30 gold pieces
 24690 | D:13     | Gained mutation: You are agile. (Dex +2) [potion of mutation]
 24690 | D:13     | Gained mutation: You are resistant to electric shocks. (rElec) [potion of mutation]
 24826 | D:13     | Reached skill level 5 in Shields
 24961 | D:13     | Reached skill level 5 in Evocations
 25206 | D:13     | XOM: mild Divn miscast
 25259 | D:13     | Noticed a centaur warrior
 25262 | D:13     | Killed a centaur warrior
 25262 | D:13     | Reached skill level 15 in Stealth
 25262 | D:13     | Reached XP level 13. HP: 89/89 MP: 16/16
 25343 | D:13     | XOM: severe Hex miscast
 25469 | D:13     | Bought a potion of agility for 64 gold pieces
 25469 | D:13     | Bought a potion of agility for 64 gold pieces
 25511 | D:14     | Noticed an ice dragon
 25511 | D:14     | a slime creature changed into an ice dragon
 25518 | D:14     | an ice dragon changed into a tyrant leech
 25551 | D:14     | Found a gate to the Vaults.
 25568 | D:14     | Noticed nago's ghost (journeyman VSFi)
 25698 | D:14     | Killed nago's ghost
 25705 | D:14     | XOM: summons 4 hostile shadow creatures
 25756 | D:14     | Learned a level 3 spell: Mephitic Cloud
 26421 | D:14     | You fall through a shaft!
 26421 | D:15     | Entered Level 15 of the Dungeon
 26632 | D:15     | XOM: summons 14 hostile demons
 26996 | D:15     | Noticed an ettin
 27012 | D:15     | Killed an ettin
 27073 | D:15     | XOM: medium Air miscast
 27258 | D:15     | Found a staircase to the Depths.
 27289 | D:15     | XOM: summons 4 hostile demons
 27337 | D:15     | XOM: divination: magic mapping
 27361 | D:15     | Found a shattered altar of Ashenzari.
 27462 | D:15     | Found Venaphuz's Assorted Antiques.
 27537 | D:15     | XOM: scenery: 3 doors close
 27655 | D:15     | XOM: give mutations
 27655 | D:15     | Gained mutation: You are weak. (Str -2) [Xom's mischief]
 27655 | D:15     | Lost mutation: Your system is resistant to poisons. (rPois) [Xom's mischief]
 27655 | D:15     | Lost mutation: Your body sometimes deteriorates upon taking damage. [Xom's mischief]
 27655 | D:15     | Gained mutation: You are dopey. (Int -2) [Xom's mischief]
 27672 | D:15     | XOM: noise
 27772 | D:15     | XOM: medium Divn miscast
 27812 | D:15     | XOM: god gift: 13 royal jellies
 27827 | D:15     | Got a smoking whip
 27828 | D:15     | Identified the +5 whip of the Lumpy Lies {speed, *Slow rC++} (You found it on level 15 of the Dungeon)
 28036 | D:9      | XOM: summons 1 hostile demon
 28237 | Lair:1   | Reached XP level 14. HP: 97/97 MP: 19/19
 28321 | Lair:1   | Noticed vogonpoet's ghost (journeyman MfSu)
 28335 | Lair:1   | Killed vogonpoet's ghost
 28548 | Lair:1   | XOM: mild Fire miscast
 28802 | Lair:2   | Found a dark tunnel.
 28816 | Volcano  | Entered a volcano
 28854 | Volcano  | Noticed nqkweflqenfkl's ghost (journeyman GrEE)
 28870 | Volcano  | Found a bloodstained altar of Trog.
 29255 | Volcano  | Noticed a red draconian
 29266 | Volcano  | Killed a red draconian
 29266 | Volcano  | Reached skill level 16 in Stealth
 29282 | Volcano  | XOM: stat loss: -2 Str (10/12)
 29683 | Lair:2   | Reached skill level 10 in Dodging
 29730 | Lair:2   | XOM: god gift: scroll labeled YTHRYS RAUCWADD {god gift}
 29730 | Lair:2   | Was forgiven by Xom
 29882 | Lair:2   | Noticed Erica
 29888 | Lair:2   | Killed Erica
 29888 | Lair:2   | Reached skill level 10 in Fighting
 30987 | Lair:4   | Found a staircase to the Shoals.
 31058 | Lair:4   | Found a staircase to the Snake Pit.
 31068 | Lair:4   | You fall through a shaft for 2 floors!
 31068 | Lair:6   | Entered Level 6 of the Lair of Beasts
 31173 | Lair:5   | Killed from afar by an ice dragon

Vault maps used:
D:1:      onia_arrival_mini_spirals
D:3:      gup_sewer_entry_pipe
D:4:      lemuel_doored_altar, first_bread, uniq_crazy_yiuf_cottage,
          uniq_sigmund, uniq_edmund
D:5:      overflow_temple_1_default, serial_shops, nicolae_shop_statue_plus,
          serial_bayou_pond_c, uniq_prince_ribbit1
D:6:      kennysheep_mini, nicolae_overflow_hidden_temple
D:7:      temple_doors_ab
D:8:      fiery_altar_vehumet, erik_lair_orcish_takeover, basic_altar,
          uniq_gastronok
D:9:      kennysheep_mini_moat, nicolae_ru_great_annihilating_truth
D:10:     hangedman_pestilent_swarm, fedhas_altar_1, uniq_josephine
D:11:     basic_altar, guppyfry_shop_earth
D:12:     minmay_orc_entry_guard_dogs, serial_shops, shop_coins,
          nicolae_shop_competitors_out_of_business, nicolae_shop_trees,
          nicolae_shop_overgrown_old_shop, basic_altar
D:13:     serial_shops, shop
D:14:     david_vaults_2, minmay_crystal_water
D:15:     hangedman_depths_entry_civil_slaughter, serial_shops, shop_fountains,
          ashenzari_altar_1
Temple:   dshaligram_water_room_temple
Lair:1:   grunt_megastairs_5, infiniplex_staircase_pool
Lair:2:   nicolae_volcano_entry_hallway, forest_entry_grove,
          serial_bayou_shore_a, uniq_erica
Lair:3:   grunt_megastairs_2
Lair:4:   minmay_shoals_entry_beasts, dummy_snake_entry
Lair:5:   minivault_19, bobbens_ice_dragon_lair, grunt_megastairs_3
Lair:6:   cheibrodos_lair_end_hotspot, dpeg_slime_entry_enclosed_altar,
          infiniplex_staircase_pool_2
Sewer:    sewer_co_tree
Volcano:  volcano_grotto

Skill      XL: |  1  2  3  4  5  6  7  8  9 10 11 12 13 14 |
---------------+-------------------------------------------+-----
Stealth        | 2 4 5 7 8 10 12 14 15 16 | 16.3
Polearms       | 2 6 8 10 12 13 | 13.7
Fighting       | 2 4 6 7 8 9 10 | 10.2
Dodging        | 4 6 8 9 10 | 10.3
Shields        | 3 5 6 7 |  7.6
Evocations     | 5 7 8 |  8.1
Short Blades   | |  1.0

Action                   |  1- 3 |  4- 6 |  7- 9 | 10-12 | 13-15 || total
-------------------------+-------+-------+-------+-------+-------++-------
Melee: Short sword       |    52 |    51 |   115 |       |       ||   218
       Tentacles         |     8 |     3 |    46 |   101 |   106 ||   264
       Constrict         |    16 |     9 |    41 |    48 |    53 ||   167
       Glaive            |       |       |    45 |       |       ||    45
       Dagger            |       |       |     9 |       |       ||     9
       Quarterstaff      |       |       |     6 |       |       ||     6
       Trident           |       |       |    59 |   508 |   510 ||  1077
       Kick              |       |       |       |    69 |       ||    69
 Cast: Repel Missiles    |       |       |       |       |     2 ||     2
Invok: Call Merchant     |       |       |       |     2 |     1 ||     3
Evoke: Wand              |     2 |     4 |    29 |    16 |     8 ||    59
       Phial of floods   |       |       |       |     1 |     1 ||     2
  Use: Potion            |     1 |       |     6 |     4 |    13 ||    24
       Scroll            |       |       |    16 |    13 |     8 ||    37
 Stab: Sleeping          |     7 |    19 |    29 |    86 |    42 ||   183
       Distracted        |       |       |     1 |    18 |     5 ||    24
       Paralysed         |       |       |       |     3 |       ||     3
  Eat: Chunk             |       |     1 |    13 |     1 |       ||    15
       Royal jelly       |       |       |     1 |     4 |    10 ||    15
       Meat ration       |       |       |       |     8 |       ||     8
       Bread ration      |       |       |       |     2 |       ||     2
Armor: Skin              |     2 |     1 |     9 |    19 |    42 ||    73
Dodge: Dodged            |    24 |    24 |   186 |   163 |   292 ||   689
       Deflected         |       |       |       |       |     4 ||     4
Block: Buckler           |       |       |       |    53 |   112 ||   165
